 Dungeon Crawl Stone Soup version 0.29-a0-998-g1987434951 (webtiles) character file.

Game seed: 14703926173698278406

88 drpainis the Chopper (level 4, -2/40 HPs)
             Began as a Hill Orc Monk on Aug 6, 2022.
             Slain by Sigmund
             ... wielding a +0 scythe
              (8 damage)
             ... on level 3 of the Dungeon.
             The game lasted 00:04:26 (2898 turns).

drpainis the Chopper (Hill Orc Monk)                Turns: 2898, Time: 00:04:27

Health: -2/40      AC:  2    Str: 15    XL:     4   Next: 54%
Magic:  0/4        EV: 12    Int: 18    God:
Gold:   72         SH:  0    Dex: 13    Spells: 3/3 levels left

rFire   . . .      SeeInvis .   n - +7 flail of Fear {venom, Int+8}
rCold   . . .      Faith    .   (no shield)
rNeg    . . .      Spirit   +   b - +0 robe
rPois   .          Reflect  .   (no helmet)
rElec   .          Harm     .   (no cloak)
rCorr   .          Rampage  .   (no gloves)
Will    .....                   (no boots)
Stlth   ++........              l - amulet of guardian spirit
HPRegen 0.13/turn               (no ring)
MPRegen 0.09/turn               (no ring)

@: no status effects
A: no striking features
a: no special abilities


You were on level 3 of the Dungeon.
You visited 1 branch of the dungeon, and saw 3 of its levels.

You collected 72 gold pieces.

Inventory:

Hand Weapons
 a - a +0 hand axe
 n - the +7 flail of Fear (weapon) {venom, Int+8}
   (You found it on level 2 of the Dungeon)

   It poisons the flesh of those it strikes.
   Int:       It affects your intelligence (+8).
Armour
 b - a +0 robe (worn)
Jewellery
 l - an amulet of guardian spirit (around neck)
Wands
 t - a wand of mindburst (17)
Scrolls
 e - a scroll of magic mapping {unknown}
 f - a scroll of teleportation {unknown}
 i - a scroll of identify {unknown}
 j - a scroll of fear {unknown}
 o - a scroll of vulnerability {unknown}
 p - a scroll of torment {unknown}
 r - a scroll of noise {unknown}
 s - a scroll of enchant weapon {unknown}
Potions
 c - a potion of ambrosia
 d - 2 potions of heal wounds {unknown}
 g - a potion of invisibility {unknown}
 h - 2 potions of mutation {unknown}
 k - 2 potions of attraction {unknown}
 m - 2 potions of cancellation {unknown}
 q - a potion of curing {unknown}
 u - a potion of degeneration {unknown}


   Skills:
 + Level 4.2 Fighting
 + Level 5.0(5.2) Axes
 + Level 1.3(3.0) Maces & Flails
 + Level 2.9 Dodging
 + Level 2.1 Stealth


You had 3 spell levels left.
You didn't know any spells.
Your spell library was empty.

Dungeon Overview and Level Annotations

Branches:
Dungeon (3/15)

Altars:
Ru

Shops:
D:1 =

Annotations:
D:3 Sigmund


Message History

Sigmund casts a spell.
Sigmund flickers and vanishes!
Deactivating autopickup; reactivate with Ctrl-A.
You sock the hobgoblin!
You kill the hobgoblin!
An orc opens the door.
The goblin barely misses you.
You sock the goblin!
You kill the goblin!
The goblin shoots a sling bullet.
The sling bullet hits you.
You barely miss Robin.
Robin says, "Kneel, worm!"
Robin throws the goblin at you! The goblin hits you with a dagger.
You sock Robin!
Robin is poisoned.
Robin is almost dead.
You kill Robin!
The goblin barely misses you.
Your base Maces & Flails skill increases to level 1!
You hit the hobgoblin.
The hobgoblin is severely wounded.
The hobgoblin misses you.
The goblin hits you with a +0 dagger. x2
The orc suddenly jeers.
The hobgoblin misses you.
You miss the goblin.
The hobgoblin hits you but does no damage.
Something hits you! The goblin hits you with a +0 dagger.
* * * LOW HITPOINT WARNING * * *
You closely miss the goblin. The hobgoblin barely misses you.
The goblin hits you with a +0 dagger.
* * * LOW HITPOINT WARNING * * *
Something hits you.
* * * LOW HITPOINT WARNING * * *
Unknown command.
You hit the goblin.
The goblin is moderately wounded.
The hobgoblin hits you but does no damage.
The goblin closely misses you.
You sock the goblin!
You kill the goblin!
The hobgoblin misses you. Something hits you!
You die...

#.###.#.... ...#
#.###
#.......###
###.#..##.#
#....# .. #..###
.#### #.##
#'#..# #.# +{o.
## #.## ##g##
..# #..###@#)#
...
#....).#Kgg..g..
..
#.....###gg.....
##.#......#.....
.
#.#.###..#.....
...## #.#.#
....... .....
#.#.# K#. ...
..## #.#(# ..
... #.#..
#.######


You could see an orc and a hobgoblin.

Vanquished Creatures
  Robin (D:3)
  2 adders
  2 dart slugs
  An orc (D:3)
  5 ball pythons (D:1)
  3 bats
  5 endoplasms
  A giant cockroach (D:3)
  6 goblins
  8 hobgoblins
  12 kobolds
  A quokka (D:2)
  2 frilled lizards (D:1)
  4 rats
  A bush (D:3)
54 creatures vanquished.

Vanquished Creatures (others)
  2 plants (D:3)
2 creatures vanquished.

Grand Total: 56 creatures vanquished

Notes
Turn   | Place    | Note
-------+----------+-------------------------------------------
     0 | D:1      | drpainis the Hill Orc Monk began the quest for the Orb.
     0 | D:1      | Reached XP level 1. HP: 19/19 MP: 1/1
    60 | D:1      | Found Rypad's Jewellery Shoppe.
   121 | D:1      | Reached XP level 2. HP: 19/27 MP: 2/2
   525 | D:1      | Noticed a floating eye
   527 | D:1      | Found a faded altar of an unknown god.
   528 | D:1      | Noticed a shining eye
   528 | D:1      | Noticed a floating eye
   528 | D:1      | Noticed a golden eye
  1049 | D:2      | Reached XP level 3. HP: 24/33 MP: 3/3
  1348 | D:2      | Identified the +7 flail of Fear {venom, Int+8}
  1920 | D:3      | Found a sacrificial altar of Ru.
  1955 | D:3      | Reached XP level 4. HP: 24/40 MP: 2/4
  2223 | D:3      | Found a transporter.
  2239 | D:3      | Found a transporter.
  2252 | D:3      | Reached skill level 5 in Axes
  2873 | D:3      | Noticed Robin
  2888 | D:3      | Noticed Sigmund
  2893 | D:3      | Killed Robin
  2894 | D:3      | Reached skill level 1 in Maces & Flails
  2898 | D:3      | Slain by Sigmund

Illustrated notes

Levels and vault maps discovered:
D:1:      tarquinn_simple_flora_water_b, layout_loops_ring, serial_shops, shop,
          hellmonk_ecumenical_altar_watching_god
D:2:      layout_basic
D:3:      gammafunk_wand_slinger, layout_loops_ring, grunt_temple_overflow_open,
          mainiacjoe_overflow_chevrons, nemelex_dance_club_becter,
          minmay_hedge_maze, uniq_robin, uniq_sigmund

Skill      XL: |  1  2  3  4 |
---------------+-------------+-----
Fighting       | 4 |  4.2
Stealth        | 2 |  2.1
Axes           | 5 |  5.0
Maces & Flails | 1 |  1.3
Dodging        | |  2.9

Action                   |  1- 3 |  4- 6 || total
-------------------------+-------+-------++-------
Melee: Hand axe          |    68 |       ||    68
       Flail             |    34 |    55 ||    89
       Punch             |       |     2 ||     2
Evoke: Wand              |       |     1 ||     1
 Stab: Sleeping          |     3 |       ||     3
Armor: Robe              |    22 |     6 ||    28
Dodge: Dodged            |    76 |    15 ||    91

Table legend: (Time is in decaauts)
 A = Elapsed time spent in this place.
 B = Non-inter-level travel time spent in this place.
 C = Inter-level travel time spent in this place.
 D = Time resting spent in this place.
 E = Time spent auto-exploring this place.
 F = Levels seen in this place.
 G = Mean time per level.
                   A        B        C        D        E       F      G
               +--------+--------+--------+--------+--------+-----+--------+
         Total |   2930 |   2930 |      0 |    641 |   1408 |   3 |  976.7 |
       Dungeon |   2930 |   2930 |      0 |    641 |   1408 |   3 |  976.7 |
               +--------+--------+--------+--------+--------+-----+--------+

Top non-repeatable levels by time:
     D:1: 1301 daAuts
     D:3: 1067 daAuts
     D:2: 561 daAuts
